SKY
MINNESOTA TWINS @ CINCINNATI REDS
04/08/2052
 
TOP OF THE 1ST
Minnesota Twins batting - Pitching for Cincinnati Reds : RHP John Fegley
Pitching: RHP John Fegley
Batting: RHB Samuel Everhart 0-0: Called Strike
0-1: Called Strike
0-2: Foul Ball, location: 9LMF
0-2: Ball
1-2: Foul Ball, location: 7LSF
1-2: Foul Ball, location: 2F
1-2: DOUBLE (Line Drive, 89XD, EV 100.0 MPH)
Batting: LHB Archer Charles 0-0: Ball
1-0: Foul Ball, location: 2F
1-1: Ground out 1-3 (Groundball, 13S, EV 70.6 MPH)
Samuel Everhart to third
Batting: RHB Nick Haftel 0-0: Ball
1-0: SINGLE (Line Drive, 34D, EV 104.4 MPH)
Samuel Everhart scores
Batting: LHB Stanfield Reaves 0-0: Ball
1-0: Called Strike
1-1: Foul Ball, location: 2F
1-2: Ball
2-2: Strikes out swinging
Batting: RHB Raul Cathey 0-0: Ball
1-0: Ball
2-0: Called Strike
2-1: Foul Ball, location: 5FF
2-2: Ground out 4-3 (Groundball, 34S, EV 84.4 MPH)
Top of the 1st over - 1 run, 2 hits, 0 errors, 1 left on base; Minnesota 1 - Cincinnati 0
BOTTOM OF THE 1ST
Cincinnati Reds batting - Pitching for Minnesota Twins : LHP Christopher Albaugh
Pitching: LHP Christopher Albaugh
Batting: LHB Lloyd Crosier 0-0: Ball
1-0: Foul Ball, location: 3FF
1-1: Ground out 4-3 (Groundball, 4, EV 105.6 MPH)
Batting: RHB D.J. Alloway 0-0: Ball
1-0: Swinging Strike
1-1: Swinging Strike
1-2: Ball
2-2: Foul Ball, location: 5DF
2-2: Strikes out swinging
Batting: SHB D.J. Boucher 0-0: Called Strike
0-1: Foul Ball, location: 25F
0-2: Ball
1-2: Ball
2-2: Foul Ball, location: 9LMFF
2-2: Ground out 5-3 (Groundball, 56, EV 103.1 MPH)
Bottom of the 1st over - 0 runs, 0 hits, 0 errors, 0 left on base; Minnesota 1 - Cincinnati 0
TOP OF THE 2ND
Minnesota Twins batting - Pitching for Cincinnati Reds : RHP John Fegley
Batting: LHB Ra Williams 0-0: Ball
1-0: Foul Ball, location: 2F
1-1: Ball
2-1: Swinging Strike
2-2: Ball
3-2: Foul Ball, location: 2LF
3-2: Fly out, F8 (Flyball, 78M, EV 95.6 MPH)
Batting: RHB Jordi Ortiz 0-0: Fly out, F9 (Line Drive, 9, EV 85.0 MPH)
Batting: SHB Sylvester Cotter 0-0: Called Strike
0-1: Swinging Strike
0-2: Foul Ball, location: 7LSF
0-2: Strikes out swinging
Top of the 2nd over - 0 runs, 0 hits, 0 errors, 0 left on base; Minnesota 1 - Cincinnati 0
BOTTOM OF THE 2ND
Cincinnati Reds batting - Pitching for Minnesota Twins : LHP Christopher Albaugh
Batting: LHB Glen Kirkendall 0-0: Ball
1-0: Ball
2-0: Called Strike
2-1: Ground out 4-3 (Groundball, 4M, EV 77.5 MPH)
Batting: RHB Ollie Millner 0-0: SINGLE (Line Drive, 9LS, EV 109.4 MPH)
Batting: LHB Vinicius Ressureio 0-0: Called Strike
0-1: Swinging Strike
0-2: Ball
1-2: Ball
2-2: Foul Ball, location: 25F
2-2: Strikes out swinging
Batting: RHB Pierre Johnson 0-0: SINGLE (Groundball, 6MD, EV 102.5 MPH)
Ollie Millner to second
Batting: RHB Ethan Hicks 0-0: Ball
1-0: DOUBLE (Line Drive, 9LS, EV 106.3 MPH)
Ollie Millner scores
Pierre Johnson to third
Runner from 3rd tries for Home, SAFE, no throw by RF
Batting: LHB Kristian Mortenson 0-0: Called Strike
0-1: Foul Ball, location: 2F
0-2: Strikes out swinging
Bottom of the 2nd over - 2 runs, 3 hits, 0 errors, 1 left on base; Minnesota 1 - Cincinnati 2
TOP OF THE 3RD
Minnesota Twins batting - Pitching for Cincinnati Reds : RHP John Fegley
Batting: RHB Isiah Crudup 0-0: Called Strike
0-1: Foul Ball, location: 9LDF
0-2: Foul Ball, location: 9LMF
0-2: Ball
1-2: Strikes out swinging
Batting: RHB Samuel Everhart 0-0: Called Strike
0-1: Foul Ball, location: 2F
0-2: SINGLE (Groundball, 6MD, EV 95.0 MPH)
Batting: LHB Archer Charles 0-0: Foul Ball, location: 2F
0-1: Fielders Choice at 2nd, 4-6 (Groundball, 34, EV 81.3 MPH)
Batting: RHB Nick Haftel 0-0: Ball
1-0: Ball
2-0: Foul Ball, location: 2F
2-1: Ball
3-1: Fly out, F6 (Line Drive, 6M, EV 68.8 MPH)
Top of the 3rd over - 0 runs, 1 hit, 0 errors, 1 left on base; Minnesota 1 - Cincinnati 2
BOTTOM OF THE 3RD
Cincinnati Reds batting - Pitching for Minnesota Twins : LHP Christopher Albaugh
Batting: LHB Lloyd Crosier 0-0: Ball
1-0: Called Strike
1-1: Foul Ball, location: 2F
1-2: Ball
2-2: Ball
3-2: Fly out, F8 (Flyball, 8RXD, EV 88.8 MPH)
Batting: RHB D.J. Alloway 0-0: Ball
1-0: Foul Ball, location: 2F
1-1: Called Strike
1-2: Ball
2-2: Strikes out swinging
Batting: SHB D.J. Boucher 0-0: Fly out, F9 (Flyball, 89S, EV 98.1 MPH)
Bottom of the 3rd over - 0 runs, 0 hits, 0 errors, 0 left on base; Minnesota 1 - Cincinnati 2
TOP OF THE 4TH
Minnesota Twins batting - Pitching for Cincinnati Reds : RHP John Fegley
Batting: LHB Stanfield Reaves 0-0: Called Strike
0-1: Swinging Strike
0-2: Strikes out looking
Batting: RHB Raul Cathey 0-0: Ground out 6-3 (Groundball, P, EV 91.3 MPH)
Batting: LHB Ra Williams 0-0: Called Strike
0-1: Fly out, F7 (Flyball, 78M, EV 98.1 MPH)
Top of the 4th over - 0 runs, 0 hits, 0 errors, 0 left on base; Minnesota 1 - Cincinnati 2
BOTTOM OF THE 4TH
Cincinnati Reds batting - Pitching for Minnesota Twins : LHP Christopher Albaugh
Batting: LHB Glen Kirkendall 0-0: Called Strike
0-1: Called Strike
0-2: Ball
1-2: Ground out 6-3 (Groundball, P, EV 78.8 MPH)
Batting: RHB Ollie Millner 0-0: Called Strike
0-1: Called Strike
0-2: Ball
1-2: Ball
2-2: Ball
3-2: Base on Balls
Batting: LHB Vinicius Ressureio 0-0: Foul Ball, location: 3F
0-1: Ball
1-1: Foul Ball, location: 3DF
1-2: Ball
2-2: Fly out, F5 (Popup, 5F, EV 62.5 MPH)
Batting: RHB Pierre Johnson 0-0: Ball
1-0: Fly out, F8 (Flyball, 8RD, EV 101.9 MPH)
Bottom of the 4th over - 0 runs, 0 hits, 0 errors, 1 left on base; Minnesota 1 - Cincinnati 2
TOP OF THE 5TH
Minnesota Twins batting - Pitching for Cincinnati Reds : RHP John Fegley
Batting: RHB Jordi Ortiz 0-0: Ball
1-0: SINGLE (Groundball, 6MD, EV 93.8 MPH)
Batting: SHB Sylvester Cotter 0-0: Bunt missed!
0-1: Ball
1-1: Foul Ball, location: 2F
1-2: Fly out, F7 (Flyball, 7, EV 96.3 MPH)
Batting: RHB Isiah Crudup 0-0: Swinging Strike
0-1: Called Strike
0-2: Ball
1-2: Strikes out swinging
Batting: RHB Samuel Everhart 0-0: Foul Ball, location: 9LMFF
0-1: Called Strike
0-2: Ball
1-2: Fly out, F7 (Flyball, 7D, EV 110.0 MPH)
Top of the 5th over - 0 runs, 1 hit, 0 errors, 1 left on base; Minnesota 1 - Cincinnati 2
BOTTOM OF THE 5TH
Cincinnati Reds batting - Pitching for Minnesota Twins : LHP Christopher Albaugh
Batting: RHB Ethan Hicks 0-0: Ball
1-0: Ball
2-0: Called Strike
2-1: Foul Ball, location: 3SF
2-2: Fly out, F9 (Flyball, 9, EV 83.8 MPH)
Batting: LHB Kristian Mortenson 0-0: Ground out 4-3 (Groundball, 4S, EV 65.6 MPH)
Batting: LHB Lloyd Crosier 0-0: Ball
1-0: Ball
2-0: Swinging Strike
2-1: Ball
3-1: Swinging Strike
3-2: Foul Ball, location: 9LDF
3-2: DOUBLE (Groundball, 3L, EV 110.6 MPH)
Batting: RHB D.J. Alloway 0-0: Ground out 6-3 (Groundball, 6, EV 88.8 MPH)
Bottom of the 5th over - 0 runs, 1 hit, 0 errors, 1 left on base; Minnesota 1 - Cincinnati 2
TOP OF THE 6TH
Minnesota Twins batting - Pitching for Cincinnati Reds : RHP John Fegley
Batting: LHB Archer Charles 0-0: Ball
1-0: Foul Ball, location: 2F
1-1: Swinging Strike
1-2: Foul Ball, location: 2F
1-2: Ball
2-2: Strikes out swinging
Batting: RHB Nick Haftel 0-0: Ball
1-0: SINGLE (Line Drive, 3D, EV 103.1 MPH)
Batting: LHB Stanfield Reaves 0-0: Ball
1-0: Called Strike
1-1: Ball
2-1: Called Strike
2-2: Fly out, F7 (Flyball, 7, EV 95.0 MPH)
Pitching: RHP Ben Howell
Batting: RHB Raul Cathey 0-0: Ball
1-0: Ball
2-0: Fly out, F4 (Popup, 4S, EV 75.0 MPH)
Top of the 6th over - 0 runs, 1 hit, 0 errors, 1 left on base; Minnesota 1 - Cincinnati 2
BOTTOM OF THE 6TH
Cincinnati Reds batting - Pitching for Minnesota Twins : LHP Christopher Albaugh
Batting: SHB D.J. Boucher 0-0: Called Strike
0-1: Hit by Pitch
Batting: LHB Glen Kirkendall 0-0: Ball
1-0: Called Strike
1-1: Called Strike
1-2: Fly out, F9 (Flyball, 9D, EV 88.8 MPH)
Batting: RHB Ollie Millner 0-0: Swinging Strike
0-1: Called Strike
0-2: Foul Ball, location: 2F
0-2: Ball
1-2: Strikes out swinging
Batting: LHB Vinicius Ressureio 0-0: Called Strike
0-1: Called Strike
0-2: Foul Ball, location: 7LSF
0-2: SINGLE (Groundball, 34D, EV 85.6 MPH)
D.J. Boucher to second
Runner from 2nd tries for 3rd, SAFE, no throw by RF
Batting: RHB Pierre Johnson 0-0: Called Strike
0-1: Foul Ball, location: 7LSF
0-2: Ball
1-2: Ball
2-2: Strikes out swinging
Bottom of the 6th over - 0 runs, 1 hit, 0 errors, 2 left on base; Minnesota 1 - Cincinnati 2
TOP OF THE 7TH
Minnesota Twins batting - Pitching for Cincinnati Reds : RHP Ben Howell
Batting: LHB Ra Williams 0-0: Called Strike
0-1: Foul Ball, location: 2F
0-2: Foul Ball, location: 2F
0-2: Ball
1-2: Strikes out looking
Batting: RHB Jordi Ortiz 0-0: Called Strike
0-1: Called Strike
0-2: Ball
1-2: SINGLE (Groundball, 4MD, EV 109.4 MPH)
Batting: SHB Sylvester Cotter 0-0: Ball
1-0: Called Strike
1-1: Foul Ball, location: 5SF
1-2: Fly out, F7 (Flyball, 7S, EV 94.4 MPH)
Pinch Hitting: LHB Jake Sacco 0-0: Fly out, F8 (Flyball, 8RXD, EV 81.3 MPH)
Top of the 7th over - 0 runs, 1 hit, 0 errors, 1 left on base; Minnesota 1 - Cincinnati 2
BOTTOM OF THE 7TH
Cincinnati Reds batting - Pitching for Minnesota Twins : LHP Christopher Albaugh
Now at SS: Jake Sacco
Batting: RHB Ethan Hicks 0-0: Ball
1-0: Called Strike
1-1: Fly out, F8 (Flyball, 8LM, EV 88.1 MPH)
Batting: LHB Kristian Mortenson 0-0: Foul Ball, location: 5FF
0-1: Ball
1-1: Called Strike
1-2: DOUBLE (Line Drive, 78D, EV 108.1 MPH)
Batting: LHB Lloyd Crosier 0-0: Foul Ball, location: 2F
0-1: Ball
1-1: Ball
2-1: Swinging Strike
2-2: Strikes out looking
Pitching: LHP Aaron Murray
Batting: RHB D.J. Alloway 0-0: 2-RUN HOME RUN (Flyball, 8RXD, EV 108.1 MPH), Distance : 424 ft
Batting: SHB D.J. Boucher 0-0: Ball
1-0: Swinging Strike
1-1: Ball
2-1: Swinging Strike
2-2: Foul Ball, location: 9LDF
2-2: Foul Ball, location: 2F
2-2: Ground out 3-1 (Groundball, 34, EV 82.5 MPH)
Bottom of the 7th over - 2 runs, 2 hits, 0 errors, 0 left on base; Minnesota 1 - Cincinnati 4
TOP OF THE 8TH
Minnesota Twins batting - Pitching for Cincinnati Reds : RHP Ben Howell
Batting: RHB Samuel Everhart 0-0: Ball
1-0: Swinging Strike
1-1: SINGLE (Line Drive, 6MD, EV 103.8 MPH)
Batting: LHB Archer Charles 0-0: Called Strike
0-1: Foul Ball, location: 25F
0-2: Foul Ball, location: 2LF
0-2: Strikes out swinging
Batting: RHB Nick Haftel 0-0: Called Strike
0-1: Grounds into double play, 5-4-3 (Groundball, 56S, EV 86.3 MPH)
Top of the 8th over - 0 runs, 1 hit, 0 errors, 0 left on base; Minnesota 1 - Cincinnati 4
BOTTOM OF THE 8TH
Cincinnati Reds batting - Pitching for Minnesota Twins : LHP Aaron Murray
Batting: LHB Glen Kirkendall 0-0: Fly out, F7 (Flyball, 7D, EV 105.0 MPH)
Batting: RHB Ollie Millner 0-0: Called Strike
0-1: Foul Ball, location: 23FF
0-2: Strikes out looking
Batting: LHB Vinicius Ressureio 0-0: Swinging Strike
0-1: Swinging Strike
0-2: Ball
1-2: Ball
2-2: Foul Ball, location: 2F
2-2: Strikes out swinging
Bottom of the 8th over - 0 runs, 0 hits, 0 errors, 0 left on base; Minnesota 1 - Cincinnati 4
TOP OF THE 9TH
Minnesota Twins batting - Pitching for Cincinnati Reds : RHP Ben Howell
Pitching: RHP Andrés Velasco
Batting: LHB Stanfield Reaves 0-0: Ball
1-0: Ball
2-0: Ball
3-0: Called Strike
3-1: Foul Ball, location: 2F
3-2: Fly out, F8 (Flyball, 8RM, EV 93.8 MPH)
Batting: RHB Raul Cathey 0-0: Ball
1-0: SOLO HOME RUN (Flyball, 9LD, EV 93.8 MPH), Distance : 342 ft
Batting: LHB Ra Williams 0-0: Ball
1-0: Swinging Strike
1-1: Fly out, F8 (Line Drive, 8RS, EV 100.6 MPH)
Batting: RHB Jordi Ortiz 0-0: Called Strike
0-1: SINGLE (Groundball, 4M, EV 106.9 MPH) (infield hit)
Batting: SHB Sylvester Cotter 0-0: Called Strike
0-1: Ball
1-1: Foul Ball, location: 25F
1-2: Foul Ball, location: 25FF
1-2: Strikes out looking
Top of the 9th over - 1 run, 2 hits, 0 errors, 1 left on base; Minnesota 2 - Cincinnati 4
Tuesday, April 16th , 2024 - OOTP Baseball 24.11 Build 85